 Dungeon Crawl Stone Soup version 0.22.1-1-ga44c0e56f4 (webtiles) character file.

60 Riddle the Skirmisher (level 4, -9/35 HPs)
             Began as a Formicid Monk on Oct 5, 2018.
             Killed from afar by Sigmund (14 damage)
             ... with a puff of flame
             ... on level 2 of the Dungeon.
             The game lasted 00:02:53 (1256 turns).

Riddle the Skirmisher (Formicid Monk)               Turns: 1256, Time: 00:02:54

Health: -9/35      AC:  6    Str: 16    XL:     4   Next: 24%
Magic:  4/4        EV:  6    Int: 10    God:
Gold:   42         SH: 12    Dex: 13    Spells: 3/3 levels left

rFire    . . .     SeeInvis +   d - +0 hand axe (drain)
rCold    . . .     Gourm    .   i - +0 large shield
rNeg     . . .     Faith    .   j - +0 scale mail
rPois    .         Spirit   .   (helmet unavailable)
rElec    .         Reflect  .   (no cloak)
rCorr    .         Harm     .   (no gloves)
MR       .....                  (no boots)
Stlth    +.........             (no amulet)
HPRegen  0.11/turn              (no ring)
MPRegen  0.09/turn              (no ring)

@: no status effects
A: permanent stasis, dig shafts and tunnels, four strong arms, antennae 3
a: Dig, Shaft Self


You were on level 2 of the Dungeon.
You were hungry.

You visited 1 branch of the dungeon, and saw 2 of its levels.

You collected 42 gold pieces.

Inventory:

Hand Weapons
 d - a +0 hand axe of draining (weapon)
Armour
 i - a +0 large shield (worn)
 j - a +0 scale mail (worn)
Scrolls
 b - 2 scrolls of teleportation {unknown}
 e - 2 scrolls of immolation {unknown}
 g - a scroll of blinking {unknown}
 m - a scroll of enchant armour {unknown}
Potions
 a - 2 potions of curing {unknown}
 h - a potion of mutation {unknown}
 k - 2 potions of degeneration {unknown}
 l - a potion of ambrosia {unknown}
Comestibles
 c - 2 rations


   Skills:
 - Level 3.2 Fighting
   Level 3.0 Maces & Flails
 + Level 2.8 Armour
 - Level 2.6 Dodging
 - Level 2.4 Stealth
 + Level 2.6 Shields


You had 3 spell levels left.
You didn't know any spells.
Your spell library was empty.

Dungeon Overview and Level Annotations

Branches:
Dungeon (2/15)

Altars:
Yredelemnul

Annotations:
D:2 Sigmund


Innate Abilities, Weirdness & Mutations

You cannot be hasted, slowed, berserked, paralysed or teleported.
You can dig through walls and to a lower floor.
Your four strong arms can wield two-handed weapons with a shield.
You have a pair of large antennae on your head. (SInv)


Message History

Sigmund is severely wounded.
Sigmund points at you and mumbles some strange words.
The magic dart hits you!
* * * LOW HITPOINT WARNING * * *
You barely miss Sigmund.
Sigmund is severely wounded.
Sigmund casts a spell at you. The puff of flame hits you!
You block Sigmund's attack. Sigmund casts a spell at you.
The magic dart hits you!
* * * LOW HITPOINT WARNING * * *
Sigmund mumbles some strange words.
Sigmund flickers and vanishes for a moment.
You are feeling hungry.
All of the chunks of flesh in your inventory have rotted away.
Sigmund says, "Now you see me, now you don't..."
Sigmund seems less drained.
Sigmund points at you and mumbles some strange words.
The puff of flame hits you!
You die...

#####.## #.#..#####.#
#####..####....#..†..#
......†......>.#.#####
######..##.#.....<# #
##.##.##..#.## #
#.##.....#.# #
#.#####..#)# # #..#
#..#.#### # ##.#
#...@...# # #.##
#..#....# # #..#
#...##..# ##.#
#.......# ##### #.#
#.......#
....#####.###.@..####
...........##.####
...........##.#
...........##.#


You could see Sigmund (invisible).

Vanquished Creatures
  4 worms (D:2)
  5 dart slugs
  2 leopard geckos
  A bat (D:2)
  2 goblins
  5 hobgoblins
  4 jackals (D:2)
  3 kobolds
  A quokka (D:2)
  A ball python (D:2)
  5 frilled lizards
  4 rats (D:1)
37 creatures vanquished.

Notes
Turn   | Place    | Note
-------+----------+-------------------------------------------
     0 | D:1      | Riddle the Formicid Monk began the quest for the Orb.
     0 | D:1      | Reached XP level 1. HP: 18/18 MP: 1/1
    93 | D:1      | Reached skill level 1 in Armour
   129 | D:1      | Reached XP level 2. HP: 22/24 MP: 2/2
   136 | D:1      | Reached skill level 1 in Shields
   511 | D:2      | Reached XP level 3. HP: 25/29 MP: 3/3
   806 | D:2      | Reached XP level 4. HP: 35/35 MP: 4/4
   809 | D:2      | Noticed Sigmund
  1044 | D:2      | Found a basalt altar of Yredelemnul.
  1256 | D:2      | Killed from afar by Sigmund

Skill      XL: |  1  2  3 |
---------------+----------+-----
Armour         | 1 2 |  2.8
Shields        | 1 2 |  2.6
Fighting       | |  3.2
Maces & Flails | |  3.0
Dodging        | |  2.6
Stealth        | |  2.4

Action                   |  1- 3 |  4- 6 || total
-------------------------+-------+-------++-------
Melee: Hand axe          |    71 |    47 ||   118
 Abil: Dig               |     1 |     1 ||     2
 Stab: Sleeping          |     1 |       ||     1
  Eat: Chunk             |       |     1 ||     1
Armor: Robe              |     3 |       ||     3
       Scale mail        |     4 |    21 ||    25
Dodge: Dodged            |    21 |     6 ||    27
Block: Large shield      |    12 |    45 ||    57
       Buckler           |     2 |       ||     2
